 Dungeon Crawl Stone Soup version 0.29.1-1-gd02db6906a (webtiles) character file.

Game seed: 7326428617459365384

454 FollowTheCloud the Covert (level 7, -7/60 HPs)
             Began as a Gnoll Delver on Oct 20, 2022.
             Mangled by an ice beast (10 damage)
             ... on level 5 of the Dungeon.
             The game lasted 00:10:07 (5017 turns).

FollowTheCloud the Covert (Gnoll Delver)            Turns: 5017, Time: 00:10:07

Health: -7/60      AC:  6    Str: 11    XL:     7   Next: 5%
Magic:  10/10      EV: 10    Int: 11    God:
Gold:   196        SH:  0    Dex: 14    Spells: 10/10 levels left

rFire   . . .      SeeInvis .   x - +1 whip (elec)
rCold   . . .      Faith    .   (no shield)
rNeg    . . .      Spirit   .   k - +0 scale mail
rPois   .          Reflect  .   (no helmet)
rElec   .          Harm     .   (no cloak)
rCorr   .          Rampage  .   (no gloves)
Will    .....                   (no boots)
Stlth   +++.......              (no amulet)
HPRegen 0.20/turn               (no ring)
MPRegen 0.12/turn               (no ring)

@: no status effects
A: fangs 1, strong nose, distributed training
a: no special abilities


You were on level 5 of the Dungeon.
You visited 1 branch of the dungeon, and saw 5 of its levels.

You collected 196 gold pieces.

Inventory:

Hand Weapons
 a - a +0 hand axe
 t - a +0 sling
 x - a +1 whip of electrocution (weapon)
 D - the +6 mace of Plog {vorpal, Fly rC- rCorr Dex+5}
   (You found it on level 3 of the Dungeon)

   It inflicts extra damage upon your enemies.
   Dex:       It affects your dexterity (+5).
   rC:        It makes you vulnerable to cold.
   Fly:       It grants you flight.
   rCorr:     It protects you from acid and corrosion.
Missiles
 v - 4 poisoned darts
Armour
 b - a +0 leather armour
 k - a +0 scale mail (worn)
 w - a +0 plate armour
Jewellery
 l - a ring of wizardry
Wands
 g - a wand of digging (3)
 j - a wand of iceblast (3)
Scrolls
 c - a scroll of fog
 d - a scroll of magic mapping
 e - 2 scrolls of fear
 m - a scroll of poison {unknown}
 p - 4 scrolls of identify {unknown}
 q - 2 scrolls of blinking {unknown}
 r - 2 scrolls of summoning {unknown}
 s - a scroll of amnesia {unknown}
 u - a scroll of teleportation {unknown}
 y - a scroll of immolation {unknown}
 A - a scroll of brand weapon {unknown}
 C - a scroll of silence {unknown}
 E - a scroll of torment {unknown}
Potions
 f - 4 potions of haste
 h - a potion of might {unknown}
 i - 4 potions of curing {unknown}
 n - a potion of flight {unknown}
 o - 2 potions of brilliance {unknown}
 z - a potion of mutation {unknown}
 B - a potion of resistance {unknown}
 F - a potion of lignification {unknown}
 G - a potion of degeneration {unknown}


   Skills:
 + Level 7.0 Fighting
 + Level 2.3 Short Blades
 + Level 2.3 Long Blades
 + Level 5.1 Axes
 + Level 2.3 Maces & Flails
 + Level 2.3 Polearms
 + Level 2.3 Staves
 + Level 2.3 Ranged Weapons
 + Level 2.3 Throwing
 + Level 2.3 Armour
 + Level 5.1 Dodging
 + Level 9.9 Stealth
 + Level 2.3 Shields
 + Level 2.3 Unarmed Combat
 + Level 2.3 Spellcasting
 + Level 1.9 Conjurations
 + Level 1.9 Hexes
 + Level 1.9 Summonings
 + Level 1.9 Necromancy
 + Level 1.9 Translocations
 + Level 1.9 Transmutations
 + Level 1.9 Fire Magic
 + Level 1.9 Ice Magic
 + Level 1.9 Air Magic
 + Level 1.9 Earth Magic
 + Level 1.9 Poison Magic
 + Level 2.5 Invocations
 + Level 2.3 Evocations


You had 10 spell levels left.
You didn't know any spells.
Your spell library contained the following spells:

 Spells                   Type           Power      Damage    Failure   Level
 Tukima's Dance           Hex            5%         N/A       91%         3
 Passage of Golubria      Tloc           5%         N/A       100%        4
 Yara's Violent Unravell  Hex/Tmut       2%         3d3       100%        5


Dungeon Overview and Level Annotations

Branches:
Dungeon (5/15)
 Temple: D:4-7

Altars:

Shops:
D:4 (


Innate Abilities, Weirdness & Mutations

You have very sharp teeth.
Your uncanny sense of smell can sniff out nearby items.
Your experience applies equally to all skills.


Message History

You hear the crackle of electricity.
x - a +1 whip of electrocution (weapon)
You closely miss the adder. The adder bites you. The ice beast hits you.
The ice beast freezes you! The adder bites you but does no damage.
You whack the adder!
The adder is severely wounded.
The ice beast hits you but does no damage.
The adder bites you but does no damage.
You hit the adder.
The adder is almost dead.
The adder barely misses you. The ice beast hits you. The ice beast freezes you!
You closely miss the adder.
The adder is almost dead.
The adder bites you but does no damage.
The ice beast hits you but does no damage.
The adder bites you but does no damage.
You miss the adder.
The adder is almost dead.
The ice beast hits you. The ice beast freezes you! The adder barely misses you.
You miss the adder.
The adder is almost dead.
The adder bites you but does no damage. The ice beast hits you.
The ice beast freezes you!
* * * LOW HITPOINT WARNING * * *
You hit the adder but do no damage. You bite the adder, but do no damage.
The adder is almost dead.
The adder misses you.
The ice beast hits you but does no damage.
The adder attacks as you move away! The adder closely misses you. x2
You barely miss the adder.
The adder is almost dead.
The ice beast hits you.
* * * LOW HITPOINT WARNING * * *
The ice beast freezes you!
* * * LOW HITPOINT WARNING * * *
The adder bites you but does no damage. The ice beast attacks as you move away!
The ice beast hits you.
* * * LOW HITPOINT WARNING * * *
The ice beast freezes you!
You die...

.............#.......#.
...............###..#.
..###. ............ #..#..
...#.. #........... #.. #.
......#####.............
#.# ..
.......#................ ..
..
....>..#...................
.)
.............>............
.##........S@##...... .
##...#.............# .
.....#.............##
....?....#...........#
........####.#.###......?
......... ###.# #........
#......... ... ...#.....
###........ ...#...##.....


You could see an ice beast and an adder.

Vanquished Creatures
  2 necrophages (D:4)
  2 scorpions
  A hound (D:3)
  A jelly (D:5)
  Terence (D:2)
  8 adders
  5 dart slugs
  5 orcs
  5 bats
  2 endoplasms
  A giant cockroach (D:3)
  5 goblins
  3 hobgoblins (D:1)
  7 ball pythons
  5 kobolds
  4 rats
57 creatures vanquished.

Notes
Turn   | Place    | Note
-------+----------+-------------------------------------------
     0 | D:5      | Reached skill level 9 in Stealth
     0 | D:5      | FollowTheCloud the Gnoll Delver began the quest for the
                  | Orb.
     0 | D:5      | Reached XP level 1. HP: 23/23 MP: 1/1
    26 | D:4      | Noticed a scorpion
   369 | D:4      | Reached XP level 2. HP: 26/29 MP: 2/2
   372 | D:4      | Noticed a necrophage
   689 | D:2      | Found a faded altar of an unknown god.
  1046 | D:1      | Reached XP level 3. HP: 24/35 MP: 3/3
  1519 | D:1      | Reached skill level 1 in Invocations
  1895 | D:2      | Reached skill level 1 in Short Blades
  1895 | D:2      | Reached skill level 1 in Long Blades
  1895 | D:2      | Reached skill level 1 in Maces & Flails
  1895 | D:2      | Reached skill level 1 in Polearms
  1895 | D:2      | Reached skill level 1 in Staves
  1895 | D:2      | Reached skill level 1 in Ranged Weapons
  1895 | D:2      | Reached skill level 1 in Throwing
  1895 | D:2      | Reached skill level 1 in Armour
  1895 | D:2      | Reached skill level 1 in Shields
  1895 | D:2      | Reached skill level 1 in Unarmed Combat
  1895 | D:2      | Reached skill level 1 in Spellcasting
  1895 | D:2      | Reached skill level 1 in Evocations
  1940 | D:2      | Noticed Terence
  1954 | D:2      | Reached XP level 4. HP: 19/41 MP: 5/5
  2182 | D:2      | Killed Terence
  2183 | D:2      | Reached skill level 1 in Conjurations
  2183 | D:2      | Reached skill level 1 in Hexes
  2183 | D:2      | Reached skill level 1 in Summonings
  2183 | D:2      | Reached skill level 1 in Necromancy
  2183 | D:2      | Reached skill level 1 in Translocations
  2183 | D:2      | Reached skill level 1 in Transmutations
  2183 | D:2      | Reached skill level 1 in Fire Magic
  2183 | D:2      | Reached skill level 1 in Ice Magic
  2183 | D:2      | Reached skill level 1 in Air Magic
  2183 | D:2      | Reached skill level 1 in Earth Magic
  2183 | D:2      | Reached skill level 1 in Poison Magic
  2984 | D:3      | Reached XP level 5. HP: 46/47 MP: 7/7
  3159 | D:3      | Identified the +6 mace of Plog {vorpal, Fly rC- rCorr
                  | Dex+5}
  3776 | D:4      | Reached XP level 6. HP: 53/53 MP: 8/8
  3832 | D:4      | Reached skill level 5 in Axes
  3832 | D:4      | Reached skill level 5 in Dodging
  4111 | D:4      | Found Xoczianutt's Weapon Boutique.
  4958 | D:5      | Noticed a black bear
  4970 | D:5      | Reached XP level 7. HP: 52/60 MP: 10/10
  5017 | D:5      | HP: 3/60 [ice beast (3)]
  5017 | D:5      | Mangled by an ice beast

Illustrated notes

Levels and vault maps discovered:
D:1:      evilmike_arrival_plus, layout_basic
D:2:      layout_rooms, hellmonk_ecumenical_altar_run_dry, minivault_24,
          uniq_terence
D:3:      layout_loops_ring, hex_tiny
D:4:      layout_layer_cave, serial_shops, shop
D:5:      layout_cave_pools

Skill      XL: |  1  2  3  4  5  6 |
---------------+-------------------+-----
Stealth        | |  9.9
Invocations    | 1 2 |  2.5
Short Blades   | 1 2 |  2.3
Long Blades    | 1 2 |  2.3
Maces & Flails | 1 2 |  2.3
Polearms       | 1 2 |  2.3
Staves         | 1 2 |  2.3
Ranged Weapons | 1 2 |  2.3
Throwing       | 1 2 |  2.3
Armour         | 1 2 |  2.3
Shields        | 1 2 |  2.3
Unarmed Combat | 1 2 |  2.3
Spellcasting   | 1 2 |  2.3
Evocations     | 1 2 |  2.3
Conjurations   | 1 |  1.9
Hexes          | 1 |  1.9
Summonings     | 1 |  1.9
Necromancy     | 1 |  1.9
Translocations | 1 |  1.9
Transmutations | 1 |  1.9
Fire Magic     | 1 |  1.9
Ice Magic      | 1 |  1.9
Air Magic      | 1 |  1.9
Earth Magic    | 1 |  1.9
Poison Magic   | 1 |  1.9
Axes           | 5 |  5.1
Dodging        | 5 |  5.1
Fighting       | 7 |  7.0

Action                   |  1- 3 |  4- 6 |  7- 9 || total
-------------------------+-------+-------+-------++-------
Melee: Hand axe          |   102 |    47 |       ||   149
       Bite              |     7 |    11 |     1 ||    19
       Punch             |     1 |     2 |       ||     3
       Whip              |       |     5 |     8 ||    13
       Mace              |       |    32 |     1 ||    33
 Fire: Sling             |       |    20 |       ||    20
 Stab: Sleeping          |     7 |     6 |       ||    13
       Distracted        |       |     1 |       ||     1
Armor: Scale mail        |    38 |    43 |    10 ||    91
       Leather armour    |     1 |       |       ||     1
Dodge: Dodged            |    48 |    50 |     8 ||   106
